AoeStats
← Chlupinek

Black Forest

505741055Analyzed
4v4 RM · 20d ago on Sep 10, 2026· 39m 0s· 8 players
Game mode
Random Map
Map size
Large (8 player)
Population
200
Speed
Normal
Resources
Standard
Victory
Conquest
Starting age
Dark Age
Ending age
Imperial Age
RankedLock teamsTeams togetherTeam positionsShared explorationLock speedFull tech treeHidden civsTurbo modeCheats
Victory
Defeat
🇺🇸 Mongols · United States
1664
+15
🇲🇽 Khmer · Mexico
1657
+15
🇨🇿 Bohemians · Czechia
1643
+16
🇺🇸 Sicilians · United States
1610
+17
🇧🇩 Bohemians · Bangladesh
1730
-20
🇫🇷 Bohemians · France
1613
-15
🇫🇷 Bengalis · France
1606
-14
🇪🇸 Celts · Spain
1597
-14
Chlupinek
1:12 Loom
13:06 Feudal Age
17:23 Castle Age
16:03 Double-Bit Axe
16:46 Horse Collar
24:03 Fervor
27:03 Fortified Wall
27:46 Sanctity
28:05 Bow Saw
28:52 Heavy Plow
30:09 Wheelbarrow
32:41 Imperial Age
32:01 Wheelbarrow
31:45 Padded Archer Armor
32:47 Chemistry
32:43 Leather Archer Armor
33:21 Masonry
33:30 Siege Engineers
33:58 Ring Archer Armor
34:07 Conscription
34:51 Fletching
35:13 Masonry
35:05 Houfnice
36:13 Hand Cart
35:43 Town Watch
36:59 Bodkin Arrow
37:41 Elite Skirmisher
38:55 Bracer
39:16 Ballistics
|Thepejezombie
0:45 Loom
14:50 Feudal Age
17:43 Castle Age
17:03 Double-Bit Axe
18:34 Bow Saw
25:29 Horse Collar
31:51 Imperial Age
29:56 Light Cavalry
30:42 Husbandry
30:52 Bloodlines
31:37 Wheelbarrow
30:50 Town Watch
31:22 Bloodlines
32:12 Scale Barding Armor
32:18 Forging
32:11 Hussar
33:28 Illumination
33:13 Scale Barding Armor
34:36 Iron Casting
34:47 Conscription
37:23 Chain Barding Armor
38:04 Blast Furnace
40:08 Plate Barding Armor
JunkDogJoe
10:29 Feudal Age
14:10 Castle Age
12:09 Double-Bit Axe
16:25 Wheelbarrow
16:11 Bow Saw
16:19 Horse Collar
20:14 Loom
23:14 Heavy Plow
24:41 Gold Mining
24:42 Stone Mining
30:09 Imperial Age
27:32 Fletching
28:55 Ballistics
28:31 Bodkin Arrow
30:22 Padded Archer Armor
30:53 Bracer
31:11 Bloodlines
31:04 Husbandry
31:31 Parthian Tactics
31:12 Thumb Ring
31:31 Hand Cart
30:46 Capped Ram
32:01 Leather Archer Armor
32:32 Gold Shaft Mining
31:42 Elite Mangudai
32:24 Light Cavalry
34:12 Chemistry
33:23 Masonry
33:18 Siege Engineers
33:51 Hoardings
34:43 Drill
34:00 Onager
35:50 Nomads
37:07 Hussar
Lastmantillidie
11:16 Feudal Age
12:02 Double-Bit Axe
15:22 Castle Age
13:11 Horse Collar
16:21 Heavy Plow
16:34 Bow Saw
17:56 Loom
22:26 Wheelbarrow
27:42 Imperial Age
25:05 Gold Mining
26:41 Stone Mining
27:00 Scale Mail Armor
27:11 Forging
27:45 Hand Cart
27:45 Squires
27:31 Arson
28:22 Chain Mail Armor
28:56 Gold Shaft Mining
29:28 Iron Casting
29:10 Elite Serjeant
30:54 Plate Mail Armor
31:25 Blast Furnace
31:09 Conscription
31:11 First Crusade
31:20 Masonry
31:19 Loom
31:46 Siege Engineers
31:05 Capped Ram
31:46 Onager
33:11 Fletching
33:01 Siege Ram
34:00 Bodkin Arrow
35:08 Chemistry
35:13 Ballistics
34:39 Arrowslits
35:07 Siege Ram
37:23 Bracer
37:20 Murder Holes
38:12 Guilds
=)Svanhilde
2:39 Loom
14:47 Feudal Age
16:15 Double-Bit Axe
19:05 Castle Age
16:59 Horse Collar
17:18 Gold Mining
18:29 Wheelbarrow
18:47 Town Watch
19:38 Wheelbarrow
20:06 Bow Saw
22:32 Hand Cart
23:10 Sanctity
24:06 Redemption
28:05 Imperial Age
26:00 Heavy Plow
28:09 Gold Shaft Mining
27:24 Stone Mining
28:38 Fervor
29:16 Block Printing
29:38 Illumination
30:16 Two-Man Saw
32:04 Theocracy
31:39 Caravan
37:04 Fletching
Vlad von Carstein
0:54 Loom
12:50 Feudal Age
12:53 Man-at-Arms
13:39 Double-Bit Axe
20:27 Castle Age
18:47 Horse Collar
20:26 Town Watch
21:19 Wheelbarrow
22:40 Bow Saw
22:57 Heavy Plow
25:47 Stone Mining
25:48 Gold Mining
26:58 Hand Cart
32:26 Imperial Age
30:02 Scale Mail Armor
31:03 Caravan
31:52 Gold Shaft Mining
31:53 Stone Shaft Mining
32:42 Masonry
32:52 Chain Mail Armor
32:47 Treadmill Crane
33:16 Siege Engineers
34:13 Chemistry
32:45 Onager
33:52 Conscription
33:36 Pikeman
34:13 Arson
34:41 Heavy Scorpion
34:45 Capped Ram
37:00 Chemistry
36:47 Fortified Wall
36:56 Siege Ram
38:30 Plate Mail Armor
38:12 Forging
38:53 Furor Celtica
The Get Sum
5:13 Loom
10:55 Feudal Age
11:50 Double-Bit Axe
11:49 Horse Collar
14:47 Castle Age
14:42 Wheelbarrow
24:30 Bow Saw
25:57 Hand Cart
28:56 Imperial Age
26:29 Scale Mail Armor
27:55 Chemistry
27:00 Scale Mail Armor
26:54 Pikeman
28:27 Chain Mail Armor
28:23 Forging
28:51 Squires
29:11 Fervor
29:16 Heavy Plow
29:05 Arson
29:25 Arson
30:21 Plate Mail Armor
30:22 Wagenburg Tactics
30:38 Conscription
30:43 Town Watch
31:23 Houfnice
32:16 Halberdier
34:09 Iron Casting
34:07 Siege Engineers
34:45 Man-at-Arms
36:27 Blast Furnace
35:18 Fletching
36:42 Caravan
36:56 Padded Archer Armor
36:49 Fletching
38:05 Ballistics
38:40 Leather Archer Armor
38:21 Bodkin Arrow
Banzai
7:04 Loom
10:28 Feudal Age
14:20 Castle Age
12:12 Horse Collar
13:02 Double-Bit Axe
19:59 Bow Saw
20:45 Fervor
22:50 Wheelbarrow
23:06 Heavy Plow
26:41 Hand Cart
29:50 Imperial Age
28:49 Chemistry
29:34 Padded Archer Armor
30:10 Town Watch
30:42 Leather Archer Armor
30:49 Hussite Reforms
30:51 Wagenburg Tactics
31:11 Siege Engineers
31:12 Houfnice
32:48 Conscription
33:36 Bombard Tower
35:03 Caravan
35:34 Coinage
37:01 Masonry
36:42 Guard Tower
38:56 Architecture
Connection lost

Rejoining the realm…

Still unreachable

The connection could not be restored.

Session expired

The server has moved on; the page needs a fresh start.